 Seeded DCSS version 0.29.1-1-gd02db6906a (webtiles) character file.

Game seed: 7339899519574105553 (custom seed)

142 mathmaestro the Grave Robber (level 5, 27/38 HPs)
             Began as a Demonspawn Necromancer on Sept 19, 2022.
             Quit the game on level 3 of the Dungeon.
             The game lasted 00:04:43 (1849 turns).

mathmaestro the Grave Robber (DsNe)                 Turns: 1849, Time: 00:04:44

Health: 27/38      AC:  6    Str:  9    XL:     5   Next: 4%
Magic:  2/9        EV: 11    Int: 18    God:
Gold:   120        SH:  0    Dex: 13    Spells: 1/9 levels left

rFire   . . .      SeeInvis .   s - staff of poison
rCold   . . .      Faith    .   (no shield)
rNeg    . . .      Spirit   .   h - +0 leather armour
rPois   +          Reflect  .   (helmet restricted)
rElec   .          Harm     .   d - scarf {shadows}
rCorr   .          Rampage  .   p - +0 pair of gloves
Will    .....                   (no boots)
Stlth   ++........              (no amulet)
HPRegen 0.12/turn               (no ring)
MPRegen 0.22/turn               (no ring)

@: no status effects
A: antennae 1, molten scales 1, powered by pain 1, magic regeneration
a: no special abilities


You were on level 3 of the Dungeon.
You visited 1 branch of the dungeon, and saw 3 of its levels.

You collected 120 gold pieces.

Inventory:

Hand Weapons
 n - a +0 hand axe
Armour
 d - a scarf of shadows (worn)
 h - a +0 leather armour (worn)
 p - a +0 pair of gloves (worn)
 t - a scarf of repulsion
Magical Staves
 s - a staff of poison (weapon)
Wands
 g - a wand of quicksilver (18)
Scrolls
 a - a scroll of amnesia {unknown}
 e - a scroll of butterflies {unknown}
 f - 3 scrolls of magic mapping {unknown}
 u - a scroll of immolation {unknown}
Potions
 b - 2 potions of magic
 c - 5 potions of curing {unknown}
 i - a potion of haste {unknown}
 j - 2 potions of attraction {unknown}
 k - 2 potions of heal wounds {unknown}
 l - a potion of brilliance {unknown}
 m - a potion of flight {unknown}
 o - a potion of mutation {unknown}
 q - a potion of might {unknown}
 r - a potion of berserk rage {unknown}


   Skills:
 + Level 1.9 Fighting
 - Level 0.2 Staves
 + Level 1.5 Armour
 - Level 2.0 Dodging
 - Level 2.0 Stealth
 + Level 2.9 Spellcasting
 + Level 5.1 Necromancy
 + Level 0.6 Evocations


You had one spell level left.
You knew the following spells:

 Your Spells              Type           Power      Damage    Failure   Level
a - Necrotise             Necr           84%        1d8       2%          1
b - Vampiric Draining     Necr           21%        2d7       9%          3
c - Animate Dead          Necr           21%        N/A       26%         4

Your spell library contained the following spells:

 Spells                   Type           Power      Damage    Failure   Level
 Agony                    Necr           21%        N/A       58%         5


Dungeon Overview and Level Annotations

Branches:
Dungeon (3/15)

Altars:


Innate Abilities, Weirdness & Mutations

You have a pair of small antennae on your head.
You are partially covered in molten scales. (AC +2)
You sometimes gain a little power by taking damage.
You regenerate magic rapidly.


Message History

Aiming: Necrotise (safe; 2% risk of failure)
Press: ? - help, Shift-Dir - straight line, f/p - gnoll
Aim: a gnoll, wielding a +0 flail (severely wounded, chance to affect: 84%)
The gnoll writhes in agony.
Casting: Necrotise (safe; 2% risk of failure)
Confirm with . or Enter, or press ? or * to list all spells.
Aiming: Necrotise (safe; 2% risk of failure)
Press: ? - help, Shift-Dir - straight line, f/p - gnoll
Aim: a gnoll, wielding a +0 flail (almost dead, chance to affect: 84%)
The gnoll writhes in agony.
You kill the gnoll!
The dead are walking!
The gnoll hits your gnoll skeleton with a +0 halberd of pain!
The gnoll hits your gnoll skeleton with a +0 halberd of pain!
Your gnoll skeleton is destroyed!
Casting: Necrotise (safe; 2% risk of failure)
Confirm with . or Enter, or press ? or * to list all spells.
Aiming: Necrotise (safe; 2% risk of failure)
Press: ? - help, Shift-Dir - straight line, f - gnoll
Aim: a gnoll, wielding a +0 halberd of pain (chance to affect: 84%)
The gnoll writhes in agony.
Casting: Necrotise (safe; 2% risk of failure)
Confirm with . or Enter, or press ? or * to list all spells.
Aiming: Necrotise (safe; 2% risk of failure)
Press: ? - help, Shift-Dir - straight line, f/p - gnoll
Aim: a gnoll, wielding a +0 halberd of pain (moderately wounded, chance to affect: 84%)
The gnoll writhes in agony!
The gnoll hits you from afar with a +0 halberd of pain!
Casting: Necrotise (safe; 2% risk of failure)
Confirm with . or Enter, or press ? or * to list all spells.
Aiming: Necrotise (safe; 2% risk of failure)
Press: ? - help, Shift-Dir - straight line, f/p - gnoll
Aim: a gnoll, wielding a +0 halberd of pain (almost dead, chance to affect: 84%)
The gnoll writhes in agony.
You kill the gnoll!
The dead are walking!
You have reached level 5!
Your demonic ancestry asserts itself...
You feel energised by your suffering.
Are you sure you want to abandon this character and quit the game? (Confirm with "yes".)

#...# #..... ##...# #.....
#....## #..).. ####.##..#
#####. #....###.# #. #.####
#.##### ##. #.# #.....###..
..#########.##########..#..#
.g....Z))..@....(.........##
#...#######........#..>####
.# ............#.###
.....##.........#
#.#..............# .
#.###..........# ...
##.>.......# .. #.........#
#.........#


You could see a friendly gnoll skeleton.

Vanquished Creatures
  Terence (D:3)
  An orc wizard (D:2)
  2 adders (D:2)
  2 gnolls (D:3)
  A worm (D:2)
  2 dart slugs
  3 orcs (D:2)
  A bat (D:1)
  7 endoplasms
  4 giant cockroaches
  2 goblins (D:2)
  3 hobgoblins
  3 kobolds
  2 quokkas
  5 ball pythons
  A frilled lizard (D:1)
  5 rats
45 creatures vanquished.

Vanquished Creatures (collateral kills)
  A hobgoblin (D:1)
  A ball python (D:1)
2 creatures vanquished.

Grand Total: 47 creatures vanquished

Notes
Turn   | Place    | Note
-------+----------+-------------------------------------------
     0 | D:1      | mathmaestro the Demonspawn Necromancer began the quest for
                  | the Orb.
     0 | D:1      | Reached XP level 1. HP: 13/13 MP: 3/3
    55 | D:1      | Found a faded altar of an unknown god.
   174 | D:1      | Gained mutation: You are partially covered in molten
                  | scales. (AC +2) [demonic ancestry]
   174 | D:1      | Reached XP level 2. HP: 20/20 MP: 1/5
   542 | D:1      | Reached skill level 1 in Fighting
   690 | D:2      | Gained mutation: You have a pair of small antennae on your
                  | head. [demonic ancestry]
   690 | D:2      | Reached XP level 3. HP: 26/26 MP: 1/6
   694 | D:2      | Learned a level 3 spell: Vampiric Draining
  1039 | D:2      | Reached skill level 1 in Armour
  1061 | D:2      | Gained mutation: You regenerate magic rapidly. [demonic
                  | ancestry]
  1061 | D:2      | Reached XP level 4. HP: 31/32 MP: 0/7
  1277 | D:2      | Reached skill level 5 in Necromancy
  1608 | D:2      | Learned a level 4 spell: Animate Dead
  1800 | D:3      | Noticed Terence
  1802 | D:3      | Killed Terence
  1847 | D:3      | Gained mutation: You sometimes gain a little power by
                  | taking damage. [demonic ancestry]
  1847 | D:3      | Reached XP level 5. HP: 27/38 MP: 2/9
  1849 | D:3      | Quit the game

Illustrated notes

Levels and vault maps discovered:
D:1:      dpeg_arrival_tiny_d, layout_rooms, ebering_ecumenical_altar_mist
D:2:      layout_loops_ring
D:3:      layout_rooms, chequers_decorated_corner, uniq_terence

Skill      XL: |  1  2  3  4 |
---------------+-------------+-----
Stealth        | 2 |  2.0
Dodging        | 2 |  2.0
Fighting       | 1 |  1.9
Armour         | 1 |  1.5
Necromancy     | 5 |  5.1
Staves         | |  0.2
Spellcasting   | |  2.9
Evocations     | |  0.6

Action                   |  1- 3 |  4- 6 || total
-------------------------+-------+-------++-------
Melee: Unarmed           |     2 |       ||     2
 Fire: Sling             |    18 |     3 ||    21
 Cast: Necrotise         |    52 |    30 ||    82
Evoke: Wand              |       |     2 ||     2
 Stab: Distracted        |     1 |       ||     1
Armor: Leather armour    |     4 |     2 ||     6
Dodge: Dodged            |     6 |     4 ||    10
